 Dungeon Crawl Stone Soup version 0.32-a0-42-ga30500b4d3 (webtiles) character file.

Game seed: 13887851384628932443

736 cforsyth the Trooper (level 8, 0/56 (61) HPs)
             Began as a Djinni Reaver on Jan 26, 2024.
             Killed by nerve-wracking pain
             ... invoked by a shadow imp
              (13 damage)
             ... on level 5 of the Dungeon.
             The game lasted 00:06:56 (4545 turns).

cforsyth the Trooper (Djinni Reaver)                Turns: 4545, Time: 00:06:56

HP:   0/56 (61)     AC:  6    Str:  9    XL:     8   Next: 4%
Gold: 280           EV: 11    Int: 18    God:
                    SH:  0    Dex: 11

rFire   + + .        m - +4 dagger
rCold   x . .        (no shield)
rNeg    . . .        b - +0 leather armour
rPois   ∞            (no helmet)
rElec   .            d - +0 cloak
rCorr   .            (no gloves)
SInv    .            (boots unavailable)
Will    .....        (no amulet)
Stlth   +            (no ring)
HPRegen 0.29/turn    (no ring)
MPRegen 0.00/turn

%: infuse magic (-1 HP)
@: swift (expiring), attractive, flying, drained, very quick
A: sickness immunity, fire resistance 2, cold vulnerability 1, float, innate
caster, HP casting, extra vitality 1, iridescent scales 1, deterioration 1, weak
1, inability to read after injury 1
a: no special abilities


You were on level 5 of the Dungeon.
You visited 1 branch of the dungeon, and saw 5 of its levels.

You collected 280 gold pieces.

Inventory:

Hand Weapons
 a - a +0 short sword
 m - a +4 dagger (weapon)
Armour
 b - a +0 leather armour (worn)
 d - a +0 cloak (worn)
Jewellery
 i - a +6 ring of strength
Scrolls
 e - a scroll of noise {unknown}
 f - a scroll of amnesia {unknown}
 g - a scroll of poison {unknown}
 h - a scroll of torment {unknown}
 j - a scroll of fog {unknown}
 k - a scroll of enchant armour {unknown}
 l - 2 scrolls of teleportation
 n - a scroll of identify
 q - a scroll of silence {unknown}
Potions
 o - a potion of enlightenment
 p - a potion of attraction


   Skills:
 + Level 6.2 Fighting
 - Level 2.6 Short Blades
 - Level 2.1 Dodging
 + Level 5.3 Spellcasting
 + Level 5.3 Conjurations
 + Level 5.3 Hexes
 + Level 5.3 Summonings
 + Level 5.3 Necromancy
 + Level 5.3 Translocations
 + Level 5.3 Fire Magic
 + Level 5.3 Ice Magic
 + Level 5.3 Air Magic
 + Level 5.3 Earth Magic
 + Level 5.3 Alchemy


You knew the following spells:

 Your Spells              Type           Power      Damage    Failure   Level
a - Kiss of Death         Conj/Necr      92%        2d12      1%          1
b - Momentum Strike       Conj/Tloc      46%        3d9       3%          2
c - Hailstorm             Conj/Ice       23%        3d7       6%          3
d - Sting                 Conj/Alch      92%        1d8       1%          1
e - Static Discharge      Conj/Air       46%        3-5/arc   3%          2
f - Swiftness             Air            23%        N/A       6%          3
Your spell library was empty.

Dungeon Overview and Level Annotations

Branches:
Dungeon (5/15)
 Temple: D:4-7

Altars:
Trog

Annotations:
D:2 Sigmund
D:4 Eustachio


Innate Abilities, Weirdness & Mutations

You are immune to sickness and miasma.
You are immune to poison.
Your flesh is very heat resistant. (rF++)
You are vulnerable to cold. (rC-)
You float through the air rather than walking.
You learn spells naturally, not from books.
Your magical power is your life essence.
You have superior vitality. (+4 MHP)
You are partially covered in iridescent scales. (AC +2)
Your body sometimes deteriorates upon taking damage.
You are weak. (Str -2)
You occasionally lose the ability to read scrolls when taking damage.


Message History

Casting: Static Discharge (safe; 3% risk of failure)
Confirm with . or Enter, or press ? or * to list all spells.
Aiming: Kiss of Death (safe; 2% risk of failure)
Press: ? - help, Shift-Dir - straight line, f - centaur
Aim: a centaur, wielding a +0 dagger (heavily wounded, 100% to hit)
The negative energy hits the centaur!
The centaur is drained!
You kill the centaur!
You feel drained.
* * * LOW HITPOINT WARNING * * *
You have reached level 8!
You feel clever.
You start resting.
A shadow imp comes into view.
The shadow imp is attracted toward you.
Casting: Kiss of Death (safe; 1% risk of failure)
Confirm with . or Enter, or press ? or * to list all spells.
You can't see any susceptible monsters within range! (Use Z to cast anyway.) Unknown command.
Casting: Kiss of Death (safe; 1% risk of failure)
Confirm with . or Enter, or press ? or * to list all spells.
Okay, then.
Casting: Kiss of Death (safe; 1% risk of failure)
Confirm with . or Enter, or press ? or * to list all spells.
You feel quick.
* * * LOW HITPOINT WARNING * * *
The shadow imp hits you but does no damage.
The shadow imp attacks as it pursues you!
The shadow imp misses you. The shadow imp is attracted toward you.
The shadow imp attacks as it pursues you!
The shadow imp misses you. The shadow imp is attracted toward you.
The shadow imp attacks as it pursues you!
The shadow imp closely misses you. The shadow imp is attracted toward you.
You start to feel a little slower.
The shadow imp is attracted toward you. The shadow imp gestures at you.
Pain shoots through your body!
You die...

.........######## #######.## ###
........# .. ....#.#####
#######.#### ... ....#.....##
##....###### ... ....#####..##
##..##......# #.##....#
##..#####..########.#
........#######..##...#########..
.§......#....§5.@................
........##§######.#.#############
.....†..#..# #...# #$#######.##
##### #......§..# ###########


You could see a shadow imp.

Vanquished Creatures
  Menkaure (D:5)
  A centaur (D:5)
  A howler monkey (D:5)
  2 bombardier beetles
  A hound (D:4)
  Jessica (D:2)
  Natasha (thrice) (D:3)
  2 orc wizards (D:4)
  Terence (D:2)
  7 gnolls
  3 adders
  A white imp (D:4)
  4 ribbon worms
  A dart slug (D:5)
  13 orcs
  8 ball pythons
  6 endoplasms
  3 giant cockroaches
  8 goblins
  7 hobgoblins
  12 jackals
  3 quokkas
  2 bats
  8 frilled lizards
  4 kobolds
  4 rats
107 creatures vanquished.

Notes
Turn   | Place    | Note
-------+----------+-------------------------------------------
     0 | D:1      | cforsyth the Djinni Reaver began the quest for the Orb.
     0 | D:1      | cforsyth set off with the following spells memorised: Kiss
                  | of Death, Momentum Strike, Hailstorm.
     0 | D:1      | Reached XP level 1. HP: 18/18 MP: 0/0
   198 | D:1      | Reached XP level 2. HP: 17/23 MP: 0/0
   320 | D:1      | Found a faded altar of an unknown god.
   731 | D:2      | Reached XP level 3. HP: 13/29 MP: 0/0
   731 | D:2      | Learned a level 1 spell: Sting
   846 | D:2      | Reached skill level 3 in Fighting
  1117 | D:2      | Reached XP level 4. HP: 35/35 MP: 0/0
  1197 | D:2      | Noticed Jessica
  1205 | D:2      | Killed Jessica
  1373 | D:2      | Noticed Terence
  1394 | D:2      | Killed Terence
  1395 | D:2      | Reached XP level 5. HP: 18/41 MP: 0/0
  1395 | D:2      | Learned a level 2 spell: Static Discharge
  1628 | D:2      | Noticed Sigmund
  1746 | D:3      | Reached skill level 4 in Fighting
  1911 | D:3      | Noticed Natasha
  1921 | D:3      | Killed Natasha
  2103 | D:3      | Noticed Natasha
  2111 | D:3      | Killed Natasha
  2112 | D:3      | Reached XP level 6. HP: 30/48 MP: 0/0
  2180 | D:3      | Noticed Natasha
  2190 | D:3      | Killed Natasha
  2845 | D:4      | Found a bloodstained altar of Trog.
  2854 | D:4      | Noticed Eustachio
  2976 | D:4      | Reached skill level 5 in Fighting
  3201 | D:4      | Reached XP level 7. HP: 54/54 MP: 0/0
  3201 | D:4      | Learned a level 3 spell: Swiftness
  4019 | D:5      | Entered Level 5 of the Dungeon
  4277 | D:5      | Noticed Menkaure
  4310 | D:5      | Killed Menkaure
  4311 | D:5      | Reached skill level 6 in Fighting
  4311 | D:5      | Reached skill level 5 in Spellcasting
  4311 | D:5      | Reached skill level 5 in Conjurations
  4311 | D:5      | Reached skill level 5 in Hexes
  4311 | D:5      | Reached skill level 5 in Summonings
  4311 | D:5      | Reached skill level 5 in Necromancy
  4311 | D:5      | Reached skill level 5 in Translocations
  4311 | D:5      | Reached skill level 5 in Fire Magic
  4311 | D:5      | Reached skill level 5 in Ice Magic
  4311 | D:5      | Reached skill level 5 in Air Magic
  4311 | D:5      | Reached skill level 5 in Earth Magic
  4311 | D:5      | Reached skill level 5 in Alchemy
  4510 | D:5      | Gained mutation: You occasionally lose the ability to read
                  | scrolls when taking damage. [potion of mutation]
  4510 | D:5      | Gained mutation: You are weak. (Str -2) [potion of
                  | mutation]
  4510 | D:5      | Gained mutation: Your body sometimes deteriorates upon
                  | taking damage. [potion of mutation]
  4510 | D:5      | Gained mutation: You are partially covered in iridescent
                  | scales. (AC +2) [potion of mutation]
  4512 | D:5      | Reached XP level 8. HP: 8/56 MP: 0/0
  4545 | D:5      | Killed from afar by a shadow imp

Illustrated notes

Levels and vault maps discovered:
D:1:      hellmonk_arrival_library, layout_basic,
          hellmonk_ecumenical_altar_run_dry, serial_glass, glass_columns_a,
          glass_columns_b
D:2:      layout_loops_ring, uniq_terence, uniq_jessica, uniq_sigmund
D:3:      layout_rooms, uniq_natasha
D:4:      layout_basic, lemuel_tele_altar, uniq_eustachio
D:5:      layout_rooms, skrybe_limestone_x, kennysheep_generic_room_2,
          uniq_menkaure

Skill      XL: |  1  2  3  4  5  6  7 |
---------------+----------------------+-----
Spellcasting   | 3 4 5 |  5.3
Conjurations   | 3 4 5 |  5.3
Hexes          | 3 4 5 |  5.3
Summonings     | 3 4 5 |  5.3
Necromancy     | 3 4 5 |  5.3
Translocations | 3 4 5 |  5.3
Fire Magic     | 3 4 5 |  5.3
Ice Magic      | 3 4 5 |  5.3
Air Magic      | 3 4 5 |  5.3
Earth Magic    | 3 4 5 |  5.3
Alchemy        | 3 4 5 |  5.3
Fighting       | 3 4 5 6 |  6.2
Short Blades   | |  2.6
Dodging        | |  2.1

Action                     |  1- 3 |  4- 6 |  7- 9 || total
---------------------------+-------+-------+-------++-------
  Melee: Short sword       |   101 |     3 |       ||   104
         Dagger            |       |    17 |    12 ||    29
         Punch             |       |     1 |     1 ||     2
   Cast: Sting             |    28 |   122 |    69 ||   219
         Static Discharge  |       |     1 |     2 ||     3
         Swiftness         |       |       |     3 ||     3
         Kiss of Death     |       |       |     1 ||     1
    Use: Potion            |     1 |       |     3 ||     4
         Scroll            |       |     4 |       ||     4
 Armour: Leather armour    |    55 |    64 |    43 ||   162
         Skin              |    17 |       |       ||    17
  Dodge: Dodged            |    52 |    55 |    30 ||   137

Table legend: (Time is in decaauts)
 A = Elapsed time spent in this place.
 B = Non-inter-level travel time spent in this place.
 C = Inter-level travel time spent in this place.
 D = Time resting spent in this place.
 E = Time spent auto-exploring this place.
 F = Levels seen in this place.
 G = Mean time per level.
                   A        B        C        D        E       F      G
               +--------+--------+--------+--------+--------+-----+--------+
         Total |   4530 |   4474 |     56 |    423 |   3146 |   5 |  906.0 |
       Dungeon |   4530 |   4474 |     56 |    423 |   3146 |   5 |  906.0 |
               +--------+--------+--------+--------+--------+-----+--------+

Top non-repeatable levels by time:
     D:4: 1320 daAuts
     D:2: 1048 daAuts
     D:3: 948 daAuts
     D:1: 692 daAuts
     D:5: 520 daAuts
